[Event "FIDE World Rapid-ch Open 2018"]
[White "Riazantsev, Alexander"]
[Black "Moiseenko, Vadim"]
[Site "St. Petersburg"]
[Round "14.27"]
[Annotator "ChessBase"]
[Result "1-0"]
[Date "2018.12.28"]
[WhiteElo "2649"]
[BlackElo "2501"]
[PlyCount "283"]
[TimeControl "900+10"]

1. d4 d5 2. c4 dxc4 3. e3 e5 4. Bxc4 Nc6 5. Nf3 e4 6. Nfd2 Qg5 7. Nxe4 Qxg2 8. Ng3 Qh3 9. Nc3 Nf6 10. e4 Bg4 11. f3 0-0-0 12. Bf1 Qh4 13. fxg4 Nxd4 14. Be3 Bc5 15. Bxd4 Rxd4 16. Qf3 Kb8 17. Bd3 Nxg4 18. 0-0-0 Rhd8 19. Bc2 Nxh2 20. Qg2 Qf4+ 21. Kb1 Nf3 22. Rxd4 Nxd4 23. Rd1 Qe5 24. Nf5 g6 25. Ne3 c6 26. Nc4 Qe6 27. Qg5 Be7 28. Qe5+ Qxe5 29. Nxe5 f6 30. Nf7 Rd7 31. e5 Bc5 32. e6 Re7 33. Ne4 Nxe6 34. Bb3 Bb6 35. Nxf6 Rxf7 36. Nd7+ Rxd7 37. Rxd7 Ng5 38. Bg8 Kc8 39. Re7 Bd8 40. Re5 h5 41. Bc4 Bf6 42. Re8+ Kd7 43. Rg8 h4 44. Rxg6 Be7 45. Rh6 h3 46. Bf1 Bd6 47. Bxh3+ Nxh3 48. Rxh3 Kc7 49. Rh7+ Kb6 50. Kc2 a5 51. a4 Be5 52. b3 Ka6 53. Rh6 Kb6 54. Kd3 Bb2 55. Rh7 Ka6 56. Rh6 Kb6 57. Kc4 Be5 58. Rh5 Bb2 59. Rh7 Be5 60. Kd3 Ka6 61. Ke4 Bc3 62. Rh3 Bb2 63. Rh6 Kb6 64. Rh5 Ka6 65. Kf5 b5 66. Ke6 bxa4 67. bxa4 Kb6 68. Kd7 Ba3 69. Rh6 Kc5 70. Kc7 Kb4 71. Rh4+ Kc5 72. Rh3 Kb4 73. Rh4+ Kc5 74. Kb7 Bb2 75. Rh2 Ba3 76. Ka6 Bb4 77. Kb7 Ba3 78. Ka6 Bb4 79. Rc2+ Kd5 80. Kb6 c5 81. Kb5 Kd4 82. Rc4+ Kd3 83. Rc1 Kd4 84. Rc2 Kd3 85. Rc4 Ke3 86. Kc6 Kd3 87. Kd5 Ba3 88. Rh4 Kc3 89. Kc6 Bb4 90. Kb5 Kd3 91. Rh3+ Kd4 92. Rg3 Kd5 93. Rd3+ Ke5 94. Kc4 Ke4 95. Rd5 Ke3 96. Re5+ Kf4 97. Kd5 Kf3 98. Re4 Ba3 99. Rh4 Bb4 100. Kc4 Ke3 101. Rh8 Ke4 102. Re8+ Kf4 103. Kd3 Kf5 104. Re4 Ba3 105. Ke3 Bb4 106. Kf3 Ba3 107. Re8 Bb4 108. Ke3 Ba3 109. Rh8 Bc1+ 110. Kf3 Ke5 111. Ra8 Bd2 112. Re8+ Kf5 113. Rd8 Bb4 114. Rd5+ Ke6 115. Ke4 c4 116. Rd8 c3 117. Rc8 Kd7 118. Rc4 Kd6 119. Kd4 Ke6 120. Rc6+ Kf5 121. Kd5 Kf4 122. Kd4 Kf5 123. Rc8 Kf4 124. Rc4 Kf5 125. Kd5 Kf6 126. Rf4+ Ke7 127. Rf2 Ba3 128. Re2+ Kd7 129. Rc2 Bb4 130. Rh2 Ke7 131. Rh7+ Kd8 132. Rh2 Ke7 133. Re2+ Kd7 134. Rg2 Ke7 135. Kc6 Kf6 136. Re2 Kf5 137. Kd5 Kf6 138. Kc4 Kf5 139. Kd3 Kf6 140. Re4 Bd6 141. Kxc3 Be5+ 142. Kc4 1-0

[Event "FIDE World Rapid-ch Open 2018"]
[White "Tari, Aryan"]
[Black "Shirov, Alexei"]
[Site "St. Petersburg"]
[Round "14.28"]
[Annotator "ChessBase"]
[Result "0-1"]
[Date "2018.12.28"]
[WhiteElo "2620"]
[BlackElo "2643"]
[PlyCount "80"]
[TimeControl "900+10"]

1. e4 e5 2. Nf3 Nf6 3. Nxe5 d6 4. Nf3 Nxe4 5. d4 d5 6. Bd3 Bd6 7. 0-0 0-0 8. c4 c6 9. Nc3 Nxc3 10. bxc3 dxc4 11. Bxc4 Bf5 12. Bg5 Qc7 13. Re1 h6 14. Bh4 Nd7 15. Be7 Bxe7 16. Rxe7 Qd6 17. Qe2 b5 18. Bb3 a5 19. Nh4 Bh7 20. Re1 Nf6 21. Bc2 Bxc2 22. Qxc2 Nd5 23. R7e5 Qa3 24. Nf5 Qxc3 25. Qd1 Kh7 26. h3 g6 27. Nd6 b4 28. Qg4 a4 29. Kh2 b3 30. Ne4 Qxe1 31. Ng5+ hxg5 32. Rxe1 b2 33. Qxg5 Rab8 34. h4 b1=Q 35. Rxb1 Rxb1 36. h5 Rb2 37. Qh4 Kg7 38. h6+ Kh7 39. a3 Re8 40. Qg5 Rxf2 0-1

[Event "FIDE World Rapid-ch Open 2018"]
[White "Grachev, Boris"]
[Black "Levin, Evgeny A."]
[Site "St. Petersburg"]
[Round "14.29"]
[Annotator "ChessBase"]
[Result "1/2-1/2"]
[Date "2018.12.28"]
[WhiteElo "2626"]
[BlackElo "2516"]
[PlyCount "62"]
[TimeControl "900+10"]

1. Nf3 Nf6 2. d4 e6 3. c4 b6 4. Bf4 Bb7 5. e3 g6 6. Nc3 Bg7 7. h3 d6 8. Bd3 Nbd7 9. 0-0 0-0 10. e4 e5 11. Bg5 h6 12. Bh4 g5 13. Bg3 Nh5 14. d5 Nf4 15. Bc2 Nf6 16. Nh2 Bc8 17. Ng4 Nxg4 18. hxg4 h5 19. f3 hxg4 20. fxg4 Qd7 21. Bf2 Qxg4 22. Qxg4 Bxg4 23. Bd1 Bd7 24. Be3 f5 25. Bc2 fxe4 26. Bxe4 Bh6 27. g3 Nh5 28. Kg2 Kg7 29. Bc2 Nf6 30. Ne4 Nxe4 31. Bxe4 Rxf1 1/2-1/2

[Event "FIDE World Rapid-ch Open 2018"]
[White "Timofeev, Artyom"]
[Black "Goganov, Aleksey"]
[Site "St. Petersburg"]
[Round "14.30"]
[Annotator "ChessBase"]
[Result "0-1"]
[Date "2018.12.28"]
[WhiteElo "2589"]
[BlackElo "2612"]
[PlyCount "170"]
[TimeControl "900+10"]

1. c4 c6 2. Nf3 d5 3. e3 Nf6 4. Nc3 e6 5. b3 Bd6 6. Bb2 0-0 7. d4 Nbd7 8. Be2 b6 9. 0-0 Bb7 10. Qc2 Qe7 11. cxd5 exd5 12. Bd3 Rfe8 13. Ne2 Ne4 14. Ng3 g6 15. Rfe1 f5 16. Nf1 Rf8 17. N3d2 Rae8 18. f3 Ng5 19. Re2 Nf6 20. Rae1 Qd7 21. Bc3 Nge4 22. Bb2 Nxd2 23. Qxd2 Re7 24. b4 b5 25. Qc3 Rff7 26. Bc2 Re8 27. a4 Bf8 28. Qb3 Bg7 29. Bc3 Kh8 30. Qb1 bxa4 31. Bd3 Qc8 32. Ra2 Ba6 33. Bxa6 Qxa6 34. Qc2 Nd7 35. Rxa4 Qb7 36. Ra2 Nb6 37. Qd3 Rfe7 38. Rae2 Nc8 39. Nd2 Nd6 40. Nb3 Qb5 41. Qxb5 cxb5 42. Kf2 Nc4 43. Nc5 Kg8 44. Nd3 Bf6 45. Nf4 Rd7 46. Ra2 Bg5 47. Ra6 Bxf4 48. exf4 Rxe1 49. Bxe1 Rc7 50. g4 fxg4 51. fxg4 Re7 52. f5 gxf5 53. gxf5 Rf7 54. f6 Nb6 55. Ke2 Rxf6 56. Bg3 Rf7 57. Bb8 Nc4 58. Bxa7 Rf4 59. Rh6 Re4+ 60. Kf2 Nb2 61. Rh3 Nd1+ 62. Kg1 Kg7 63. Bc5 Kg6 64. Ra3 Kf5 65. Rh3 Kg4 66. Rxh7 Re1+ 67. Kg2 Re2+ 68. Kf1 Rb2 69. Rg7+ Kf3 70. Rf7+ Ke4 71. Re7+ Kd3 72. h4 Ne3+ 73. Kg1 Rg2+ 74. Kh1 Rg4 75. Rh7 Ke2 76. h5 Nf5 77. Rf7 Rh4+ 78. Kg2 Rxh5 79. Rd7 Rg5+ 80. Kh2 Kf2 81. Rh7 Rg4 82. Kh3 Rg3+ 83. Kh2 Rf3 84. Rh5 Ne3 85. Be7 Nf1+ 0-1

[Event "FIDE World Rapid-ch Open 2018"]
[White "Petrov, Nikita"]
[Black "Kovalenko, Igor"]
[Site "St. Petersburg"]
[Round "14.31"]
[Annotator "ChessBase"]
[Result "0-1"]
[Date "2018.12.28"]
[WhiteElo "2593"]
[BlackElo "2657"]
[PlyCount "164"]
[TimeControl "900+10"]

1. Nf3 d5 2. d4 c6 3. Bf4 Qb6 4. Qc1 Bg4 5. Ne5 Bf5 6. e3 f6 7. Nf3 Nd7 8. Be2 g5 9. Bg3 h5 10. h3 e6 11. c4 Nh6 12. Nc3 Bg6 13. Nd2 Bg7 14. 0-0 0-0 15. c5 Qd8 16. Qd1 h4 17. Bd6 Re8 18. e4 Nf7 19. Bh5 Bxh5 20. Qxh5 dxe4 21. Ndxe4 f5 22. Nd2 Nf6 23. Qg6 Nh7 24. Nf3 Qf6 25. Qxf6 Bxf6 26. Bh2 Nf8 27. Rfe1 Rad8 28. Rad1 Re7 29. Ne5 Bxe5 30. Bxe5 Nxe5 31. Rxe5 Kf7 32. Ne2 Nd7 33. Re3 Nxc5 34. Re1 Ne4 35. f3 Nf6 36. f4 Nd5 37. Rf3 g4 38. hxg4 fxg4 39. Ra3 a6 40. Nc1 Nb4 41. Rd1 Red7 42. Ne2 Kf6 43. Rb3 Nd5 44. g3 Rh8 45. Kg2 Rdh7 46. Rh1 hxg3 47. Rxh7 Rxh7 48. Nxg3 Nxf4+ 49. Kg1 Nd5 50. Ne4+ Kf5 51. Nd6+ Kf4 52. Nxb7 Rh6 53. Nc5 a5 54. Ra3 g3 55. Rxa5 Ne3 56. Nd3+ Ke4 57. Ne1 Kxd4 58. Rg5 Nf5 59. Rg4+ Kd5 60. a4 Nd4 61. Nd3 e5 62. Kg2 Nf5 63. Nb4+ Ke6 64. Kg1 Nd4 65. Kg2 Rh2+ 66. Kxg3 Rxb2 67. Na6 Rb6 68. Nc5+ Kd5 69. Nd7 Rb3+ 70. Kf2 Kd6 71. Rg7 e4 72. Nf6 e3+ 73. Kg2 Rb2+ 74. Kh3 e2 75. Ne4+ Ke5 76. Re7+ Kf4 77. Ng3 Kf3 78. a5 Ra2 79. Rf7+ Ke3 80. Re7+ Kd3 81. Re5 Ra1 82. Nxe2 Nxe2 0-1

[Event "FIDE World Rapid-ch Open 2018"]
[White "Bocharov, Ivan"]
[Black "Carlsson, Pontus"]
[Site "St. Petersburg"]
[Round "14.32"]
[Annotator "ChessBase"]
[Result "1-0"]
[Date "2018.12.28"]
[WhiteElo "2563"]
[BlackElo "2463"]
[PlyCount "57"]
[TimeControl "900+10"]

1. e4 c5 2. Nf3 d6 3. d4 Nf6 4. Nc3 cxd4 5. Nxd4 g6 6. Be3 Bg7 7. f3 0-0 8. Qd2 Nc6 9. 0-0-0 d5 10. Qe1 e5 11. Nxc6 bxc6 12. exd5 Nxd5 13. Bc4 Be6 14. Ne4 Qc7 15. Bc5 Rfd8 16. Qh4 h6 17. g4 Nf4 18. Bxe6 Rxd1+ 19. Rxd1 Nxe6 20. Be3 Nf4 21. Nf6+ Kh8 22. Rd7 Ng2 23. Rxc7 Nxh4 24. Rxf7 Nxf3 25. h3 a5 26. c3 a4 27. Kd1 g5 28. Nh5 a3 29. bxa3 1-0

[Event "FIDE World Rapid-ch Open 2018"]
[White "Lomasov, Semyon"]
[Black "Pantsulaia, Levan"]
[Site "St. Petersburg"]
[Round "14.33"]
[Annotator "ChessBase"]
[Result "1/2-1/2"]
[Date "2018.12.28"]
[WhiteElo "2553"]
[BlackElo "2597"]
[PlyCount "122"]
[TimeControl "900+10"]

1. e4 c5 2. Nf3 e6 3. d4 cxd4 4. Nxd4 a6 5. Bd3 Bc5 6. Nb3 Ba7 7. Qe2 Nc6 8. Be3 d6 9. c4 Nf6 10. Nc3 0-0 11. 0-0 h6 12. Rfd1 e5 13. Rac1 Be6 14. Nd5 Nd7 15. Bxa7 Rxa7 16. Qe3 b6 17. Bf1 Qb8 18. Na1 Rc8 19. Nc2 Kf8 20. b4 a5 21. a3 Ne7 22. Qb3 axb4 23. axb4 Bxd5 24. cxd5 Rac7 25. Qb2 f5 26. exf5 Nxf5 27. Ba6 Rd8 28. Bb5 Nf6 29. Bc6 b5 30. Qb3 Qb6 31. Qd3 Ne7 32. Na3 Nxc6 33. dxc6 Rxc6 34. Rxc6 Qxc6 35. Nxb5 d5 36. Nc3 Rc8 37. Ne2 Qc4 38. Qe3 Kf7 39. f4 d4 40. Qd3 Qxd3 41. Rxd3 Ke6 42. fxe5 Kxe5 43. Nxd4 Ke4 44. Rd1 Ng4 45. Nf3 Rc2 46. h3 Ne3 47. Rd4+ Kf5 48. Rd2 Rc1+ 49. Kf2 Nd1+ 50. Kg3 Nc3 51. Rb2 g5 52. b5 Ne4+ 53. Kh2 h5 54. Nd2 Nxd2 55. Rxd2 Rb1 56. Rd5+ Kf4 57. g3+ Kf3 58. Rf5+ Ke3 59. Re5+ Kf3 60. Rf5+ Ke3 61. Rxg5 Rb2+ 1/2-1/2

[Event "FIDE World Rapid-ch Open 2018"]
[White "Demchenko, Anton"]
[Black "Tang, Andrew"]
[Site "St. Petersburg"]
[Round "14.34"]
[Annotator "ChessBase"]
[Result "1-0"]
[Date "2018.12.28"]
[WhiteElo "2679"]
[BlackElo "2487"]
[PlyCount "123"]
[TimeControl "900+10"]

1. e4 e5 2. Nf3 Nc6 3. Bc4 Bc5 4. d3 Nf6 5. Bg5 h6 6. Bh4 g5 7. Bg3 d6 8. c3 a6 9. a4 Bg4 10. Nbd2 Nh5 11. Nf1 Nf4 12. Bxf4 gxf4 13. Qe2 Qf6 14. N1d2 Rg8 15. Bd5 Ba7 16. 0-0-0 Bd7 17. Rhg1 0-0-0 18. Kb1 Rg6 19. g3 Rdg8 20. Nh4 Rg5 21. Ndf3 Ne7 22. Nxg5 hxg5 23. Nf3 g4 24. Nd2 f3 25. Qe1 Nxd5 26. exd5 Bxa4 27. Rc1 Qg6 28. Qf1 Bb5 29. c4 Bd7 30. b4 Qh6 31. Rc2 Bf5 32. Ne4 Bd4 33. Ka2 Kb8 34. Qb1 Bd7 35. Qb3 f5 36. Nc3 f4 37. Rb1 Bf5 38. Ne4 Qxh2 39. b5 a5 40. b6 cxb6 41. Nxd6 Qh7 42. Nxf5 Qxf5 43. c5 Qf7 44. gxf4 bxc5 45. fxe5 g3 46. e6 Qc7 47. d6 Qc6 48. e7 Re8 49. fxg3 f2 50. Re2 Kc8 51. Qe6+ Kb8 52. Qb3 Kc8 53. Rxf2 Bxf2 54. Qxb7+ Qxb7 55. Rxb7 Kxb7 56. d7 Rxe7 57. d8=Q Re2+ 58. Kb3 Bxg3 59. Qd5+ Kb6 60. Qf3 a4+ 61. Kxa4 Rb2 62. Qf6+ 1-0

[Event "FIDE World Rapid-ch Open 2018"]
[White "Hovhannisyan, Robert"]
[Black "Grigoriants, Sergey"]
[Site "St. Petersburg"]
[Round "14.35"]
[Annotator "ChessBase"]
[Result "1/2-1/2"]
[Date "2018.12.28"]
[WhiteElo "2637"]
[BlackElo "2540"]
[PlyCount "119"]
[TimeControl "900+10"]

1. e4 e5 2. Nf3 Nc6 3. Bb5 a6 4. Ba4 Nf6 5. 0-0 b5 6. Bb3 Bc5 7. Nc3 d6 8. Nd5 h6 9. c3 0-0 10. d4 Ba7 11. Nxf6+ Qxf6 12. Bd5 Bd7 13. Be3 Rad8 14. a4 exd4 15. Nxd4 Nxd4 16. cxd4 bxa4 17. Rc1 c5 18. dxc5 Bxc5 19. Bxc5 dxc5 20. Qd2 Rb8 21. Rc3 Be6 22. Bxe6 Qxe6 23. f3 Rfd8 24. Qf2 Qe5 25. Rc2 Rd3 26. Qg3 Qd4+ 27. Qf2 Rd1 28. Qxd4 Rxf1+ 29. Kxf1 cxd4 30. Kf2 g5 31. Kg3 Kg7 32. Rc4 d3 33. Rd4 Rb3 34. h4 gxh4+ 35. Kxh4 Rxb2 36. Rxd3 Rxg2 37. Ra3 Rg5 38. Rxa4 a5 39. Rc4 Rg6 40. Ra4 Ra6 41. Kh5 Ra7 42. e5 Ra6 43. f4 Kf8 44. f5 Ke7 45. Kg4 Kd7 46. Kh5 Ke7 47. Kg4 Kd7 48. Kh5 Kc6 49. e6 fxe6 50. f6 Kb5 51. Rf4 Ra8 52. f7 a4 53. f8=Q Rxf8 54. Rxf8 a3 55. Kxh6 Kb4 56. Kg5 a2 57. Ra8 Kb3 58. Kf6 Kb2 59. Rxa2+ Kxa2 60. Kxe6 1/2-1/2

[Event "FIDE World Rapid-ch Open 2018"]
[White "Mchedlishvili, Mikheil"]
[Black "Bazeev, German"]
[Site "St. Petersburg"]
[Round "14.36"]
[Annotator "ChessBase"]
[Result "1-0"]
[Date "2018.12.28"]
[WhiteElo "2610"]
[BlackElo "2416"]
[PlyCount "61"]
[TimeControl "900+10"]

1. d4 Nf6 2. Bg5 c5 3. d5 d6 4. Nc3 h6 5. Bf4 g5 6. Bc1 Bf5 7. f3 Bg7 8. e4 Bg6 9. Nge2 Nbd7 10. Ng3 Ne5 11. Bb5+ Kf8 12. Be2 Qd7 13. h4 gxh4 14. Rxh4 h5 15. f4 Neg4 16. f5 Bh7 17. Bxg4 Nxg4 18. Rxh5 Bxc3+ 19. bxc3 Nf6 20. Rh3 Rg8 21. Qd3 Rg4 22. c4 Nxe4 23. Rxh7 Nxg3 24. Rh8+ Kg7 25. Bb2+ f6 26. Rxa8 Re4+ 27. Kd1 Qxf5 28. Qxg3+ Rg4 29. Qd3 Qh5 30. Kc1 Rxg2 31. Bc3 1-0

[Event "FIDE World Rapid-ch Open 2018"]
[White "Steinberg, Nitzan"]
[Black "Alekseenko, Kirill"]
[Site "St. Petersburg"]
[Round "14.37"]
[Annotator "ChessBase"]
[Result "0-1"]
[Date "2018.12.28"]
[WhiteElo "2532"]
[BlackElo "2638"]
[PlyCount "88"]
[TimeControl "900+10"]

1. e4 c5 2. Nf3 Nc6 3. d4 cxd4 4. Nxd4 Nf6 5. Nc3 d6 6. Bg5 e6 7. Qd2 a6 8. 0-0-0 Bd7 9. f3 Be7 10. h4 Rc8 11. Kb1 b5 12. Nxc6 Bxc6 13. Ne2 0-0 14. Nd4 Bb7 15. g4 Nd7 16. Qe3 Ne5 17. Bxe7 Qxe7 18. g5 Qc7 19. Be2 d5 20. exd5 Bxd5 21. h5 Nc4 22. Bxc4 Qxc4 23. b3 Qc7 24. Rhe1 f6 25. f4 b4 26. Re2 Rce8 27. Qd2 fxg5 28. fxg5 Qf4 29. Qxb4 Qxg5 30. Rde1 Qh4 31. Qb6 Rb8 32. Qa7 Ra8 33. Qb6 Rfb8 34. Qc5 Rc8 35. Qb6 Rab8 36. Qa7 Rb7 37. Qxa6 Qxd4 38. Rxe6 Rbb8 39. Re7 Qd2 40. R1e2 Qd1+ 41. Kb2 Qd4+ 42. Kb1 Bc4 43. Qa4 Qd1+ 44. Kb2 Bxe2 0-1

[Event "FIDE World Rapid-ch Open 2018"]
[White "Sjugirov, Sanan"]
[Black "Indjic, Aleksandar"]
[Site "St. Petersburg"]
[Round "14.38"]
[Annotator "ChessBase"]
[Result "0-1"]
[Date "2018.12.28"]
[WhiteElo "2663"]
[BlackElo "2620"]
[PlyCount "86"]
[TimeControl "900+10"]

1. d4 Nf6 2. c4 e6 3. Nc3 c5 4. d5 exd5 5. cxd5 d6 6. e4 g6 7. f4 Bg7 8. Bb5+ Nfd7 9. a4 Qh4+ 10. g3 Qd8 11. Nf3 0-0 12. 0-0 Na6 13. f5 Nc7 14. Bf4 Nf6 15. Bc4 Nce8 16. Qd3 Kh8 17. Rae1 Ng4 18. Qd2 gxf5 19. exf5 Bxf5 20. h3 Ngf6 21. g4 Bg6 22. Bh6 a6 23. Bxg7+ Kxg7 24. Qf4 h6 25. h4 Qd7 26. h5 Bh7 27. Re2 Nxg4 28. Rg2 f5 29. Ne5 dxe5 30. Rxg4+ Kh8 31. Qxe5+ Nf6 32. Rg2 Rae8 33. Qf4 Rg8 34. d6 Rxg2+ 35. Kxg2 Qg7+ 36. Qg3 Ng4 37. Kh3 Qd4 38. Rf4 Qxd6 39. Nd5 b5 40. axb5 axb5 41. Qc3+ Re5 42. Ba2 c4 43. Rd4 Re3+ 0-1

[Event "FIDE World Rapid-ch Open 2018"]
[White "Predke, Alexandr"]
[Black "Bocharov, Dmitry"]
[Site "St. Petersburg"]
[Round "14.39"]
[Annotator "ChessBase"]
[Result "1/2-1/2"]
[Date "2018.12.28"]
[WhiteElo "2622"]
[BlackElo "2533"]
[PlyCount "137"]
[TimeControl "900+10"]

1. e4 c5 2. Nc3 d6 3. Nge2 a6 4. g3 e5 5. Bg2 g6 6. d3 Bg7 7. Be3 Ne7 8. Qd2 Nbc6 9. Bh6 0-0 10. h4 Bxh6 11. Qxh6 f6 12. Qd2 Be6 13. h5 g5 14. h6 g4 15. Nd5 Kh8 16. 0-0-0 Nd4 17. Kb1 b5 18. Nxd4 cxd4 19. f4 Bxd5 20. exd5 Nf5 21. fxe5 fxe5 22. Qe1 Ne3 23. Rd2 Qf6 24. Be4 Ra7 25. Re2 Raf7 26. c3 Qg5 27. Qd2 Rf6 28. cxd4 exd4 29. a3 Qe5 30. Qb4 Nxd5 31. Qa5 Ne3 32. Qc7 R6f7 33. Rf2 Qe6 34. Rxf7 Qxf7 35. Qxd6 Qf6 36. Qd7 Rf7 37. Qc8+ Rf8 38. Qb7 Rf7 39. Rc1 Nc4 40. Qc8+ Rf8 41. Qxg4 Nd2+ 42. Kc2 Nxe4 43. Qxe4 Rc8+ 44. Kb1 Rxc1+ 45. Kxc1 Qxh6+ 46. Kb1 Qd6 47. Qg4 Qf6 48. Kc2 Qc6+ 49. Kb3 Qd6 50. Qg5 h6 51. Qh5 Kg7 52. g4 Qe6+ 53. Kb4 Qe1+ 54. Kc5 Qc1+ 55. Kd5 Qxb2 56. Qe5+ Kg6 57. Qf5+ Kg7 58. Qd7+ Kg6 59. Qf5+ Kg7 60. Qd7+ Kg6 61. Qe8+ Kg7 62. Qe5+ Kf7 63. Qh5+ Kg7 64. Qe5+ Kf7 65. Qf4+ Kg6 66. Qf5+ Kg7 67. Qe5+ Kf7 68. Qe6+ Kg7 69. Qe7+ 1/2-1/2

[Event "FIDE World Rapid-ch Open 2018"]
[White "Van Foreest, Jorden"]
[Black "Melkumyan, Hrant"]
[Site "St. Petersburg"]
[Round "14.40"]
[Annotator "ChessBase"]
[Result "0-1"]
[Date "2018.12.28"]
[WhiteElo "2614"]
[BlackElo "2670"]
[PlyCount "80"]
[TimeControl "900+10"]

1. e4 c5 2. Nf3 Nc6 3. Bb5 g6 4. Bxc6 dxc6 5. d3 Bg7 6. h3 Nf6 7. Nc3 Nd7 8. Be3 e5 9. Qd2 h6 10. 0-0 Qe7 11. a4 Nf8 12. a5 Ne6 13. Na4 Nd4 14. Nh2 g5 15. Rab1 0-0 16. c3 Ne6 17. b4 cxb4 18. Rxb4 Rd8 19. Qe2 Nf4 20. Bxf4 exf4 21. d4 Qc7 22. e5 Qxa5 23. Nc5 Qc7 24. Ng4 Bxg4 25. hxg4 b5 26. Ne4 a5 27. Rbb1 b4 28. Qc4 Qd7 29. Nd6 Bf8 30. Nf5 Qe6 31. Qd3 b3 32. c4 a4 33. Rfd1 c5 34. Qe2 cxd4 35. Nxd4 Rxd4 36. Rxd4 a3 37. Kh2 a2 38. Ra1 Rb8 39. Rd2 Bg7 40. f3 Qxe5 0-1

[Event "FIDE World Rapid-ch Open 2018"]
[White "Yudin, Sergei"]
[Black "Yakubboev, Nodirbek"]
[Site "St. Petersburg"]
[Round "14.41"]
[Annotator "ChessBase"]
[Result "1-0"]
[Date "2018.12.28"]
[WhiteElo "2507"]
[BlackElo "2556"]
[PlyCount "73"]
[TimeControl "900+10"]

1. e4 c5 2. Nf3 d6 3. c3 Nf6 4. h3 g6 5. Bd3 Bg7 6. 0-0 d5 7. Bb5+ Nc6 8. e5 Nd7 9. d4 Qb6 10. Na3 a6 11. Bxc6 Qxc6 12. Re1 0-0 13. Nc2 b6 14. Ne3 cxd4 15. Nxd4 Qb7 16. Nf3 Nc5 17. Nxd5 Bf5 18. Nf4 Rad8 19. Nd4 Be4 20. Qe2 Bxe5 21. b4 Bxf4 22. Bxf4 Bxg2 23. bxc5 bxc5 24. Qg4 Be4 25. Ne6 h5 26. Nxd8 Rxd8 27. Qg3 c4 28. Rad1 Bd3 29. Re3 Rd7 30. Rde1 Kg7 31. Qg5 f6 32. Qh6+ Kg8 33. Rxd3 cxd3 34. Qxg6+ Kh8 35. Qxh5+ Kg8 36. Kh2 e5 37. Bh6 1-0

[Event "FIDE World Rapid-ch Open 2018"]
[White "Sarana, Alexey"]
[Black "Kryakvin, Dmitry"]
[Site "St. Petersburg"]
[Round "14.42"]
[Annotator "ChessBase"]
[Result "1-0"]
[Date "2018.12.28"]
[WhiteElo "2618"]
[BlackElo "2588"]
[PlyCount "89"]
[TimeControl "900+10"]

1. d4 d5 2. Nf3 Nf6 3. c4 c6 4. Nc3 dxc4 5. a4 a5 6. e3 Bg4 7. Bxc4 e6 8. 0-0 Bb4 9. Qb3 Bxf3 10. gxf3 Nbd7 11. Na2 Bd6 12. Qxb7 Rb8 13. Qa6 Nd5 14. f4 0-0 15. Bxd5 exd5 16. Qxc6 Nf6 17. Qc2 Qd7 18. f3 Rfc8 19. Nc3 Bb4 20. Bd2 Rc6 21. Qd3 Qh3 22. Rf2 Nh5 23. Qf1 Rg6+ 24. Rg2 Rbb6 25. Rg5 Qh4 26. Qg2 Be7 27. Rg4 Rxb2 28. Ra2 Rxd2 29. Qxd2 Bb4 30. Rxg6 hxg6 31. Qc1 Nf6 32. Rg2 Qh3 33. Na2 Bf8 34. Qd1 Qe6 35. Qb3 Qa6 36. Nc1 Qe6 37. Kf2 Bd6 38. Nd3 Qh3 39. Qc2 g5 40. fxg5 Nh5 41. Qc6 Bxh2 42. Qe8+ Kh7 43. g6+ fxg6 44. Qxg6+ Kh8 45. Qg4 1-0

[Event "FIDE World Rapid-ch Open 2018"]
[White "Gasanov, Eldar"]
[Black "Piorun, Kacper"]
[Site "St. Petersburg"]
[Round "14.43"]
[Annotator "ChessBase"]
[Result "0-1"]
[Date "2018.12.28"]
[WhiteElo "2499"]
[BlackElo "2634"]
[PlyCount "108"]
[TimeControl "900+10"]

1. d4 Nf6 2. c4 e6 3. Nf3 d5 4. e3 c5 5. Nc3 cxd4 6. exd4 Bb4 7. cxd5 Nxd5 8. Bd2 Nc6 9. Bd3 0-0 10. 0-0 Nf6 11. Bg5 Be7 12. Re1 Nd5 13. Bxe7 Ncxe7 14. Ne5 Nf6 15. Rc1 Bd7 16. Ne4 Ned5 17. Qb3 b6 18. Qa3 a5 19. Qd6 Ra7 20. Ng5 Qe7 21. Ngxf7 Rxf7 22. Qb8+ Be8 23. Nc6 Qb7 24. Qxa7 Bxc6 25. Qxb7 Bxb7 26. Rxe6 Rd7 27. Bb5 Rd8 28. f3 h5 29. h4 Kf7 30. Re5 g6 31. Kf2 Rd6 32. a3 Nd7 33. Ree1 N7f6 34. Rc2 Rd8 35. Rec1 Kf8 36. Re1 Kf7 37. Kg3 Bc8 38. Re5 Bf5 39. Rc6 Kg7 40. Bc4 Rd7 41. b3 Rd8 42. Kf2 Rd7 43. g3 Rd8 44. Bb5 Kf7 45. Be2 Rd7 46. Bc4 Kg7 47. Rc8 Ne7 48. Ra8 Nc6 49. Rb5 Nxd4 50. Rxb6 Nc2 51. Ke2 Nd4+ 52. Ke3 Nc2+ 53. Kf4 Rd4+ 54. Ke5 Nd7# {[%emt 0:0:0] Kxd4} 0-1

[Event "FIDE World Rapid-ch Open 2018"]
[White "Shaposhnikov, Evgeny"]
[Black "Vokhidov, Shamsiddin"]
[Site "St. Petersburg"]
[Round "14.44"]
[Annotator "ChessBase"]
[Result "1/2-1/2"]
[Date "2018.12.28"]
[WhiteElo "2576"]
[BlackElo "2480"]
[PlyCount "101"]
[TimeControl "900+10"]

1. Nf3 c5 2. c4 Nc6 3. d4 cxd4 4. Nxd4 Nf6 5. g3 g6 6. Bg2 Bg7 7. 0-0 0-0 8. Nc3 Qa5 9. Nb3 Qh5 10. e3 d6 11. Qxh5 Nxh5 12. c5 Be6 13. cxd6 exd6 14. Rd1 Rfd8 15. Nb5 Bc4 16. N5d4 d5 17. Nxc6 bxc6 18. Na5 Rac8 19. Bf3 Ba6 20. Rb1 Nf6 21. b4 Ne4 22. Bb2 Bb5 23. Bxg7 Kxg7 24. Rbc1 f5 25. h4 Kf6 26. Nb7 Rd7 27. Nc5 Nxc5 28. Rxc5 Rb8 29. Rd4 Ke5 30. Bd1 Rd6 31. Bb3 Be2 32. f4+ Kf6 33. Ra5 Rb7 34. Kf2 Bg4 35. Rc5 Ke7 36. a4 a6 37. Bc2 Re6 38. Bd3 Kd6 39. Bxa6 Ra7 40. Ra5 Re8 41. b5 Kc7 42. bxc6 Rea8 43. Raxd5 Rxa6 44. Rd7+ Kxc6 45. R7d6+ Kc5 46. R6d5+ Kb6 47. Rd6+ Kc7 48. Rd7+ Kc8 49. Rd8+ Kb7 50. R8d7+ Kb6 51. R7d6+ 1/2-1/2

[Event "FIDE World Rapid-ch Open 2018"]
[White "Abdusattorov, Nodirbek"]
[Black "Khanin, Semen"]
[Site "St. Petersburg"]
[Round "14.45"]
[Annotator "ChessBase"]
[Result "1/2-1/2"]
[Date "2018.12.28"]
[WhiteElo "2546"]
[BlackElo "2514"]
[PlyCount "172"]
[TimeControl "900+10"]

1. e4 e5 2. Nf3 Nc6 3. Nc3 Nf6 4. d4 exd4 5. Nxd4 Bb4 6. Nxc6 bxc6 7. Bd3 0-0 8. 0-0 Re8 9. Qf3 Qe7 10. Bd2 Rb8 11. a3 Bd6 12. Rae1 Be5 13. b4 d6 14. h3 Be6 15. Qe2 Bd4 16. Kh1 Nd7 17. f4 f6 18. Nd1 Bf7 19. Be3 Bb6 20. Qd2 c5 21. Nc3 cxb4 22. axb4 c6 23. Bxb6 Nxb6 24. Qf2 d5 25. Qd4 dxe4 26. Rxe4 Qd7 27. Rxe8+ Qxe8 28. Ra1 Qe7 29. Kh2 Rd8 30. Qe4 Qxe4 31. Bxe4 Nd5 32. Bxd5 Bxd5 33. Rxa7 Bc4 34. Rc7 Rd2 35. Ne4 Rd4 36. Ng3 Bd5 37. Rxg7+ Kf8 38. Nh5 Rd2 39. Rg3 Kf7 40. c3 Be4 41. f5 Bxf5 42. Rg7+ Ke6 43. Nf4+ Ke5 44. Kg3 Rc2 45. Re7+ Kd6 46. Re3 Rc1 47. Nh5 Kd5 48. Nxf6+ Kc4 49. Kf4 Bb1 50. Ne4 Bxe4 51. Rxe4+ Kxc3 52. Kg5 Kb3 53. Kh6 Rc4 54. Re3+ Kxb4 55. Kxh7 Rh4+ 56. Kg6 c5 57. g4 c4 58. Kg5 Rh8 59. h4 Rg8+ 60. Kf4 Rf8+ 61. Kg3 c3 62. g5 c2 63. Re1 Kc3 64. h5 Kd2 65. Ra1 Ra8 66. Rh1 Ra3+ 67. Kf4 Rh3 68. Rxh3 c1=Q 69. h6 Ke2+ 70. Kg4 Qg1+ 71. Kh5 Qg2 72. Rh4 Qf3+ 73. Kg6 Qc6+ 74. Kf5 Qd5+ 75. Kf6 Qd6+ 76. Kf7 Qd7+ 77. Kg6 Qc6+ 78. Kh5 Qf3+ 79. Kg6 Qc6+ 80. Kg7 Qd7+ 81. Kf6 Qd6+ 82. Kf5 Qd5+ 83. Kf6 Qd6+ 84. Kf5 Qd5+ 85. Kf6 Qd6+ 86. Kf5 Qd5+ {[%emt 0:0:1] Ke4} 1/2-1/2

[Event "FIDE World Rapid-ch Open 2018"]
[White "Dreev, Aleksey"]
[Black "Nihal Sarin"]
[Site "St. Petersburg"]
[Round "14.46"]
[Annotator "ChessBase"]
[Result "1-0"]
[Date "2018.12.28"]
[WhiteElo "2670"]
[BlackElo "2576"]
[PlyCount "83"]
[TimeControl "900+10"]

1. d4 Nf6 2. Nf3 d5 3. c4 e6 4. Nc3 dxc4 5. e4 b5 6. e5 Nd5 7. Nxb5 Nb6 8. Be2 Be7 9. 0-0 Nc6 10. Qd2 0-0 11. Qf4 Rb8 12. Qg3 Kh8 13. Rd1 Na4 14. Bxc4 Ba6 15. Nxa7 Nxa7 16. Bxa6 Nxb2 17. Re1 Qd5 18. a4 c5 19. dxc5 Bxc5 20. Ng5 h6 21. Ne4 Bd4 22. Bf4 Nc6 23. Bb5 Ne7 24. Nc3 Qc5 25. Ne4 Qd5 26. Nc3 Qc5 27. Rac1 Nf5 28. Qf3 Rfc8 29. Ne4 Qb4 30. Bd2 Qe7 31. Ng3 Rxc1 32. Rxc1 Bxe5 33. Nxf5 exf5 34. Qxf5 Qd6 35. Be3 Rd8 36. a5 Nd1 37. Bb6 Qd2 38. Rc8 Qe1+ 39. Bf1 Rxc8 40. Qxc8+ Kh7 41. Qc2+ g6 42. Qe2 1-0